 Dungeon Crawl Stone Soup version 0.21-a0-538-gd16b88a (webtiles) character file.

189 AverageBear the Cutter (level 5, 0/31 HPs)
             Began as a Deep Elf Fighter on Dec 16, 2017.
             Slain by a worm (9 damage)
             ... on level 4 of the Dungeon.
             The game lasted 00:03:07 (3290 turns).

AverageBear the Cutter (Deep Elf Fighter)           Turns: 3290, Time: 00:03:08

Health: 0/31       AC:  6    Str: 14    XL:     5   Next: 40%
Magic:  7/7        EV:  7    Int: 13    God:
Gold:   213        SH:  8    Dex: 14    Spells: 4/4 levels left

rFire    . . .     SeeInvis .   a - +0 rapier
rCold    + . .     Gourm    +   c - +0 shield
rNeg     + . .     Faith    .   b - +0 scale mail
rPois    .         Spirit   .   (no helmet)
rElec    .         Reflect  .   (no cloak)
rCorr    .         Harm     .   (no gloves)
MR       .....                  (no boots)
Stlth    ..........             r - amulet of the gourmand
HPRegen  0.10/turn              t - ring of positive energy
MPRegen  0.10/turn              p - ring of protection from cold

@: lethally poisoned (0 -> -3)
A: no striking features
a: no special abilities


You were on level 4 of the Dungeon.
You were not hungry.

You visited 1 branch of the dungeon, and saw 4 of its levels.

You collected 213 gold pieces.

Inventory:

Hand Weapons
 a - a +0 rapier (weapon)
Armour
 b - a +0 scale mail (worn)
 c - a +0 shield (worn)
Jewellery
 p - a ring of protection from cold (right hand)
 r - an amulet of the gourmand (around neck)
 t - a ring of positive energy (left hand)
Wands
 h - a wand of iceblast (1)
 l - a wand of paralysis (13)
Scrolls
 g - 3 scrolls of remove curse
 m - a scroll of amnesia
 q - a scroll of enchant armour
Potions
 d - a potion of might
 e - a potion of curing
 i - a potion of lignification {unknown}
 j - a potion of heal wounds {unknown}
 n - a potion of cancellation {unknown}
 o - a potion of magic {unknown}
Comestibles
 f - 3 bread rations
 k - 3 fruits
 s - 2 royal jellies


   Skills:
 - Level 2.4 Fighting
 - Level 5.3 Short Blades
 - Level 2.4 Armour
 + Level 2.0 Dodging
 - Level 2.4 Shields


You had 4 spell levels left.
You didn't know any spells.

Dungeon Overview and Level Annotations

Branches:
Dungeon (4/15)
 Temple: D:4-7

Altars:
Fedhas


Message History

You feel sick. The adder bites you.
You are more poisoned.
The adder poisons you!
You barely miss the adder.
The adder is moderately wounded.
The adder bites you but does no damage. You block the adder's attack.
You hit the adder.
The adder is severely wounded.
You feel sick. You block the adder's attack.
You closely miss the adder.
The adder is severely wounded.
The adder misses you.
You hit the adder.
The adder is severely wounded.
You feel sick. The adder closely misses you. You block the adder's attack.
You hit the adder.
You kill the adder!
Your Dodging skill increases to level 2!
You feel sick. The worm bites you!
You die...

..........#.....>....######
..........#................
..........##.........#...##
..........#..........#.#...
..........#............####
#........##..........#...(.
..........#..........#.####
.........w#................
..........@#..........#####
...................#.......
....?.................#####
#............#....#...# ###
##...........#.####...###..
##............# ##......#
#.......)...... #.......
##.......#####..##...####
#.......####


You could see a worm.

Vanquished Creatures
  3 worker ants (D:4)
  2 adders
  An ooze (D:1)
  An adder skeleton (D:4)
  2 worms
  4 dart slugs
  5 leopard geckos
  2 orcs (D:3)
  3 ball pythons
  6 bats
  5 giant cockroaches
  9 goblins
  7 hobgoblins
  8 kobolds
  A quokka (D:2)
  4 frilled lizards
  11 rats
74 creatures vanquished.

Notes
Turn   | Place    | Note
-------+----------+-------------------------------------------
     0 | D:1      | AverageBear the Deep Elf Fighter began the quest for the Orb.
     0 | D:1      | Reached XP level 1. HP: 13/13 MP: 3/3
     6 | D:1      | Noticed a hog
     6 | D:1      | Noticed a salamander
     6 | D:1      | Noticed a killer bee
     7 | D:1      | Noticed a black bear
     7 | D:1      | Noticed a wyvern
   108 | D:1      | Reached XP level 2. HP: 6/18 MP: 4/4
   113 | D:1      | Reached skill level 3 in Short Blades
   582 | D:1      | Reached XP level 3. HP: 22/22 MP: 5/5
   972 | D:1      | Reached skill level 4 in Short Blades
  1598 | D:2      | Reached XP level 4. HP: 24/27 MP: 6/6
  2461 | D:3      | Found a blossoming altar of Fedhas.
  2745 | D:4      | Reached skill level 5 in Short Blades
  2915 | D:4      | Reached XP level 5. HP: 23/31 MP: 7/7
  2996 | D:4      | Reached skill level 1 in Dodging
  3290 | D:4      | Slain by a worm

Vault maps used:
D:1:      onia_arrival_zoo_common, serial_forest, infiniplex_forest_lined_3,
          infiniplex_forest_straight_4, infiniplex_forest_clump_large,
          infiniplex_forest_clump_large, infiniplex_forest_straight_4
D:3:      lemuel_doored_altar, first_bread, serial_park_tiny_1,
          kennysheep_crisscross
D:4:      nicolae_tso_swordbearing_angel

Skill      XL: |  1  2  3  4  5 |
---------------+----------------+-----
Short Blades   | 3 4 5 |  5.3
Dodging        | 2 |  2.0
Fighting       | |  2.4
Armour         | |  2.4
Shields        | |  2.4

Action                   |  1- 3 |  4- 6 || total
-------------------------+-------+-------++-------
Melee: Rapier            |   184 |   108 ||   292
  Use: Scroll            |       |     8 ||     8
       Potion            |       |     1 ||     1
  Eat: Chunk             |     2 |    15 ||    17
Armor: Scale mail        |    97 |    41 ||   138
Dodge: Dodged            |    40 |    31 ||    71
Block: Shield            |    83 |    36 ||   119

Table legend:
 A = Spawn XP
 B = Non-spawn XP
 C = Spawn XP percentage of total XP
 D = Spawn monster count
 E = Non-spawn monster count
 F = Spawn count percentage of total count
 G = Total turns spent on level
                    A         B        C        D         E        F      G
               +---------+---------+-------+---------+---------+-------+---------
         Total |       0 |     270 |   0.0 |       0 |      74 |   0.0 |  3290
               +---------+---------+-------+---------+---------+-------+---------
           D:1 |       0 |      71 |   0.0 |       0 |      35 |   0.0 |  1196
           D:2 |       0 |      44 |   0.0 |       0 |      24 |   0.0 |   871
           D:3 |       0 |      33 |   0.0 |       0 |       9 |   0.0 |   628
           D:4 |       0 |     122 |   0.0 |       0 |       6 |   0.0 |   595
               +---------+---------+-------+---------+---------+-------+---------
